 Dungeon Crawl Stone Soup version 0.23-a0-402-g64599a1 (console) character file.

2657 bli the Martial Artist (level 9, -4/55 HPs)
             Began as an Octopode Transmuter on Nov 4, 2018.
             Was a Priest of Hepliaklqana.
             Slain by Harold
             ... wielding a +1 halberd of chopping
              (25 damage)
             ... on level 8 of the Dungeon.
             The game lasted 00:26:24 (6441 turns).

bli the Martial Artist (Octopode Transmuter)        Turns: 6441, Time: 00:26:25

Health: -4/55      AC:  1    Str: 10    XL:     9   Next: 62%
Magic:  20/23      EV: 15    Int: 18    God:    Hepliaklqana [***...]
Gold:   356        SH:  0    Dex: 15    Spells: 11/15 levels left

rFire    + . .     SeeInvis .   D - +1 dagger {pierce, *Drain rPois MR+}
rCold    x . .     Gourm    .   (no shield)
rNeg     . . .     Faith    .   (helmet restricted)
rPois    +         Spirit   .   k - amulet of the acrobat
rElec    .         Reflect  .   n - ring of fire
rCorr    +         Harm     .   t - +3 ring of intelligence
MR       +....     Clarity  +   v - ring of resist corrosion
Stlth    ++........             I - ring of magical power
HPRegen  0.18/turn              (no ring)
MPRegen  0.18/turn              (no ring)
                                (no ring)
                                (no ring)

@: lethally poisoned (-4 -> -6), very slightly contaminated
A: almost no armour, stealthy swim, amphibious, 8 rings, constrict 8, reduced
essence, tentacle spike 1, camouflage 1, clarity, robust 1, gelatinous body 1
a: Recall Ancestor, Ancestor Identity, Transference, Renounce Religion


You were on level 8 of the Dungeon.
You worshipped Hepliaklqana.
Hepliaklqana was most pleased with you.
You were hungry.

You visited 1 branch of the dungeon, and saw 8 of its levels.

You collected 356 gold pieces.

Inventory:

Hand Weapons
 b - a +0 blowgun
 y - a +1 shortbow of freezing
 D - the +1 dagger of Expedience (weapon) {pierce, *Drain rPois MR+}
   (You found it on level 6 of the Dungeon)

   It inflicts extra damage upon your enemies.
   It protects you from poison.
   It affects your resistance to hostile enchantments.
   It causes draining when unequipped.
 E - a cursed -3 trident
Missiles
 a - 116 arrows
 e - 270 stones (quivered)
 f - a throwing net
 h - 10 sling bullets
 r - 16 poisoned needles
Magical Staves
 q - an uncursed staff of conjuration {unknown}
Jewellery
 k - an amulet of the acrobat (around mantle)
 n - a ring of fire (left tentacle)
 t - a +3 ring of intelligence (right tentacle)
 v - a ring of resist corrosion (on tentacle)
 z - an uncursed ring of teleportation
 I - a ring of magical power (on tentacle)
Wands
 p - a wand of paralysis (7)
 A - a wand of flame (17)
Scrolls
 i - a scroll of fear
 l - 2 scrolls of teleportation
 m - 3 scrolls of blinking {unknown}
 s - 7 scrolls of remove curse
 u - 3 scrolls of acquirement
 B - 2 scrolls of enchant armour
 G - a scroll of magic mapping {unknown}
 H - 2 scrolls of identify
Potions
 d - 2 potions of flight {unknown}
 g - 2 potions of curing {unknown}
 j - a potion of haste
 o - 2 potions of lignification {unknown}
 w - 2 potions of ambrosia {unknown}
 x - a potion of heal wounds
 C - 2 potions of cancellation
Comestibles
 c - 15 rations


   Skills:
 + Level 2.9 Fighting
 + Level 4.3 Dodging
 + Level 11.4 Unarmed Combat
 * Level 3.5 Spellcasting
 + Level 2.2 Transmutations
 + Level 1.9 Poison Magic


You had 11 spell levels left.
You knew the following spells:

 Your Spells              Type           Power        Failure   Level  Hunger
a - Beastly Appendage     Tmut           ##....       6%          1    None
s - Spider Form           Tmut/Pois      ##........   21%         3    ###....

Your spell library contained the following spells:

 Spells                   Type           Power        Failure   Level  Hunger
 Sticks to Snakes         Tmut           ##......     9%          2    ##.....
 Ice Form                 Ice/Tmut       #.......     67%         4    ####...
 Blade Hands              Tmut           ##........   86%         5    ######.


Dungeon Overview and Level Annotations

Branches:
Dungeon (8/15)             Temple (0/1) D:7
   Lair: D:8-11

Altars:
Ashenzari
Cheibriados
Dithmenos
Hepliaklqana
Kikubaaqudgha
Makhleb
Nemelex Xobeh
Okawaru
Sif Muna
Trog
Yredelemnul
The Shining One

Annotations:
D:8 Harold


Innate Abilities, Weirdness & Mutations

You cannot wear most types of armour.
You are very stealthy in the water. (Stealth+)
You are amphibious.
You can wear up to eight rings at the same time.
You can use your tentacles to constrict eight enemies at once.
Your skin changes colour to match your surroundings (Stealth+).
Your rubbery body absorbs attacks. (AC +1, EV +1)
Your life essence is reduced to manifest your ancestor. (-10% HP)
One of your tentacles bears a spike.
You possess an exceptional clarity of mind.
You are robust. (+10% HP)


Message History

Dejan hits Harold with a dagger of draining.
Dejan drains Harold!
The quokka barely misses you. Harold misses you.
You hit Harold but do no damage.
You pierce Harold, but do no damage.
Harold is moderately wounded.
You constrict Harold.
You feel sick. The quokka bites you.
Dejan hits Harold with a dagger of draining.
You hit Harold but do no damage.
You pierce Harold.
Harold is moderately wounded.
You constrict Harold. Harold misses you. The quokka barely misses you.
Dejan gestures at Harold while chanting.
Harold resists with almost no effort.
Okay, then.
Cast which spell? (? or * to list)
You miscast Spider Form.
You are very lightly contaminated with residual magic.
You feel a strange surge of energy!
You are feeling hungry.
You constrict Harold.
You feel sick. The quokka misses you.
Harold hits you with a +1 halberd of chopping!!
You die...

...#. #>.. ..## #...
...# #. ####...
...##..
.....##....⌠.
###...#......_.
#.....#..#.#⌠.⌠
#.#.#r#........
#.#.#.@@.......
#.#.#.R.##.###.
#.#.#..........
#.#.##(.##.###.
##.###<#......>....
...........#.###.###
###.###.##.#.# #
.......)#.#
####.####.# #.# #.#
..# #.#


You could see the friendly Dejan the hexer, Harold and a quokka.

Vanquished Creatures
  A spriggan (D:7)
  Eustachio (D:5)
  An ice beast (D:6)
  2 ogres (D:4)
  A centaur (D:5)
  Blork the orc (D:5)
  A bullfrog (D:6)
  4 crimson imps
  4 hounds
  An orc priest (D:5)
  2 bullfrog skeletons
  Ijyb (D:3)
  An iguana (D:4)
  5 worker ants
  A hound zombie (D:6)
  A worker ant zombie (D:5)
  2 gnolls (D:1)
  6 adders
  An adder skeleton (D:6)
  2 worms
  2 dart slugs
  4 leopard geckos
  16 orcs
  6 giant cockroaches
  8 goblins
  8 hobgoblins
  6 jackals
  A quokka (D:5)
  A ball python (D:6)
  14 bats
  3 frilled lizards
  7 kobolds
  7 rats
122 creatures vanquished.

Vanquished Creatures (collateral kills)
  Pikel (D:5)
  2 sky beasts
  An ice beast (D:7)
  2 ogres
  A bullfrog (D:6)
  2 scorpions
  A jelly (D:6)
  3 worker ants
  An adder (D:7)
  2 leopard geckos
  2 giant cockroaches
  A goblin (D:3)
  A hobgoblin (D:2)
  2 jackals (D:6)
  A kobold (D:2)
23 creatures vanquished.

Vanquished Creatures (others)
  A slave (D:5)
  A worker ant (D:5)
  3 ancestors
5 creatures vanquished.

Grand Total: 150 creatures vanquished

Notes
Turn   | Place    | Note
-------+----------+-------------------------------------------
     0 | D:1      | bli the Octopode Transmuter began the quest for the Orb.
     0 | D:1      | Reached XP level 1. HP: 13/13 MP: 3/3
    32 | D:1      | Reached XP level 2. HP: 5/18 MP: 3/5
   448 | D:1      | Reached skill level 4 in Unarmed Combat
   476 | D:1      | Reached XP level 3. HP: 19/23 MP: 6/6
  1221 | D:2      | Reached XP level 4. HP: 22/28 MP: 7/7
  1268 | D:2      | Reached skill level 5 in Unarmed Combat
  1383 | D:2      | Found a hazy altar of Hepliaklqana.
  1391 | D:2      | Became a worshipper of Hepliaklqana the Forgotten
  1723 | D:2      | Found an ancient bone altar of Kikubaaqudgha.
  2027 | D:3      | Gained mutation: You possess an exceptional clarity of
                  | mind. [potion of mutation]
  2027 | D:3      | Gained mutation: One of your tentacles bears a spike.
                  | [potion of mutation]
  2027 | D:3      | Gained mutation: You are robust. (+10% HP) [potion of
                  | mutation]
  2033 | D:3      | Reached XP level 5. HP: 6/33 MP: 8/8
  2224 | D:3      | Found a glowing golden altar of the Shining One.
  2424 | D:3      | Noticed Ijyb
  2431 | D:3      | Paralysed by Ijyb for 2 turns
  2436 | D:3      | Killed Ijyb
  2436 | D:3      | Reached skill level 6 in Unarmed Combat
  2530 | D:3      | Found a burning altar of Makhleb.
  2530 | D:3      | Noticed an Executioner
  2727 | D:4      | Reached XP level 6. HP: 38/38 MP: 9/9
  2732 | D:4      | Learned a level 3 spell: Spider Form
  2987 | D:4      | Reached * piety under Hepliaklqana
  3139 | D:4      | Reached skill level 7 in Unarmed Combat
  3142 | D:4      | Reached XP level 7. HP: 31/43 MP: 10/10
  3349 | D:4      | Found a deep blue altar of Sif Muna.
  3411 | D:5      | Entered Level 5 of the Dungeon
  3599 | D:5      | Reached skill level 8 in Unarmed Combat
  3611 | D:5      | Noticed Eustachio
  3883 | D:5      | Reached XP level 8. HP: 12/48 MP: 5/11
  4013 | D:5      | Noticed Pikel
  4026 | D:5      | Killed Pikel
  4026 | D:5      | Reached skill level 9 in Unarmed Combat
  4096 | D:5      | Noticed Blork the orc
  4104 | D:5      | Killed Blork the orc
  4104 | D:5      | Reached skill level 10 in Unarmed Combat
  4170 | D:5      | Killed Eustachio
  4170 | D:5      | Reached skill level 1 in Poison Magic
  4228 | D:5      | Found a shadowy altar of Dithmenos.
  4480 | D:5      | Found a basalt altar of Yredelemnul.
  4486 | D:5      | Reached XP level 9. HP: 50/54 MP: 12/12
  4564 | D:6      | Reached ** piety under Hepliaklqana
  4568 | D:6      | Remembered your ancestor Dejan as a hexer
  5064 | D:6      | Reached skill level 11 in Unarmed Combat
  5141 | D:6      | Got a pitted dagger
  5142 | D:6      | Identified the cursed +1 dagger of Expedience {pierce,
                  | *Drain rPois MR+} (You found it on level 6 of the Dungeon)
  5144 | D:6      | Identified 3 scrolls of acquirement
  5222 | D:6      | Found an iron altar of Okawaru.
  5305 | D:6      | Found a snail-covered altar of Cheibriados.
  5457 | D:6      | Found a shattered altar of Ashenzari.
  5459 | D:6      | Found a bloodstained altar of Trog.
  5766 | D:7      | Found a staircase to the Ecumenical Temple.
  6194 | D:7      | Reached *** piety under Hepliaklqana
  6423 | D:8      | Noticed Harold
  6425 | D:8      | Found a sparkling altar of Nemelex Xobeh.
  6441 | D:8      | Slain by Harold

Vault maps used:
D:1:      minmay_arrival_stair_chambers, hex_tiny
D:2:      nicolae_overflow_crystal_walls, lemuel_crystal_altar, first_ration,
          grunt_ministairs_15
D:3:      lemuel_doored_altar, makhleb_altar_promises_db, uniq_ijyb
D:4:      led_sif_pool
D:5:      wad_crossroads, grunt_dithmenos_smoke_and_mirrors,
          kennysheep_little_box, uniq_pikel, uniq_blork_the_orc, uniq_eustachio
D:6:      marbit_many_paths, minitemple
D:7:      temple_green, the_bakery
D:8:      nemelex_xobeh_ov_fountains_minmay, tgw_xom, uniq_harold, uniq_maurice

Skill      XL: |  1  2  3  4  5  6  7  8  9 |
---------------+----------------------------+-----
Unarmed Combat | 4 5 6 7 8 10 11 | 11.4
Dodging        | 3 4 |  4.3
Fighting       | 2 |  2.9
Poison Magic   | 1 |  1.9
Spellcasting   | 3 |  3.5
Transmutations | |  2.2

Action                   |  1- 3 |  4- 6 |  7- 9 || total
-------------------------+-------+-------+-------++-------
Melee: Unarmed           |    63 |    90 |   107 ||   260
       Constrict         |    16 |    28 |    38 ||    82
       Tentacles         |     7 |    24 |    28 ||    59
       Kick              |     4 |    18 |    52 ||    74
       Punch             |     1 |     3 |    16 ||    20
       Dagger            |       |       |    76 ||    76
 Fire: Blowgun           |       |     1 |    12 ||    13
Throw: Stone             |       |    11 |    14 ||    25
 Cast: Beastly Appendage |     7 |     9 |       ||    16
       Spider Form       |       |       |     3 ||     3
Invok: Ancestor Life: He |       |       |     1 ||     1
  Use: Potion            |       |     3 |       ||     3
       Scroll            |       |       |     9 ||     9
 Stab: Sleeping          |    10 |     4 |     8 ||    22
       Distracted        |       |       |     2 ||     2
       Confused          |       |       |     2 ||     2
  Eat: Chunk             |     1 |     6 |    11 ||    18
Armor: Skin              |     4 |     9 |     1 ||    14
Dodge: Dodged            |    55 |    70 |   131 ||   256

Table legend:
 A = Non-vault XP
 B = Vault XP
 C = Vault XP percentage of total XP
 D = Non-vault monster count
 E = Vault monster count
 F = Vault count percentage of total count
                 A         B        C        D         E       F
            +---------+---------+-------+---------+---------+-------
      Total |    2481 |    1315 |  34.6 |     135 |      10 |   6.9
            +---------+---------+-------+---------+---------+-------
        D:1 |      73 |       0 |   0.0 |      29 |       0 |   0.0
        D:2 |      67 |       3 |   4.3 |      22 |       2 |   8.3
        D:3 |      63 |      36 |  36.4 |      16 |       1 |   5.9
        D:4 |     532 |       0 |   0.0 |      17 |       0 |   0.0
        D:5 |     568 |    1056 |  65.0 |      21 |       5 |  19.2
        D:6 |     687 |       5 |   0.7 |      16 |       1 |   5.9
        D:7 |     457 |     215 |  32.0 |      13 |       1 |   7.1
        D:8 |      34 |       0 |   0.0 |       1 |       0 |   0.0
            +---------+---------+-------+---------+---------+-------
